 Dungeon Crawl Stone Soup version 0.31-a0-229-g1fc7ce93e2 (webtiles) character file.

Game seed: 14008601470458556836

86 qw the Shooter (level 4, -1/36 HPs)
             Began as a Minotaur Hexslinger on July 6, 2023.
             Slain by a gnoll
             ... wielding a +0 whip
              (4 damage)
             ... on level 2 of the Dungeon.
             The game lasted 00:00:29 (1130 turns).

qw the Shooter (Minotaur Hexslinger)                Turns: 1130, Time: 00:00:29

Health: -1/36      AC:  3    Str: 13    XL:     4   Next: 27%
Magic:  4/4        EV: 17    Int: 10    God:
Gold:   16         SH:  0    Dex: 14    Spells: 4/5 levels left

rFire   . . .        a - +1 sling
rCold   . . .        (no shield)
rNeg    . . .        c - +0 robe
rPois   .            (helmet restricted)
rElec   .            e - +0 cloak
rCorr   .            (no gloves)
SInv    .            (no boots)
Will    .....        (no amulet)
Stlth   +            f - +5 ring of evasion
HPRegen 0.26/turn    (no ring)
MPRegen 0.09/turn

%: no passive effects
@: no status effects
A: horns 2, retaliatory headbutt
a: no special abilities


You were on level 2 of the Dungeon.
You visited 1 branch of the dungeon, and saw 2 of its levels.

You collected 16 gold pieces.


Innate Abilities, Weirdness & Mutations

You have a pair of horns on your head.
You reflexively headbutt those who attack you in melee.


   Skills:
 - Level 2.0 Fighting
 + Level 4.8 Ranged Weapons
 - Level 2.1 Dodging
 - Level 1.0 Spellcasting
 - Level 2.0 Hexes


You had 4 spell levels left.
You knew the following spells:

 Your Spells              Type           Power      Damage    Failure   Level
a - Slow                  Hex            16%        N/A       16%         1

Your spell library contained the following spells:

 Spells                   Type           Power      Damage    Failure   Level
 Inner Flame              Hex/Fire       2%         N/A       56%         3
 Portal Projectile        Hex/Tloc       4%         N/A       56%         3
 Cause Fear               Hex            2%         N/A       83%         4

Inventory:

Hand Weapons
 a - a +1 sling (weapon)
Armour
 c - a +0 robe (worn)
 e - a +0 cloak (worn)
 g - a +0 leather armour
Jewellery
 f - a +5 ring of evasion (left hand)
Scrolls
 b - 3 scrolls of teleportation {unknown}
Potions
 d - a potion of enlightenment {unknown}
 h - a potion of curing {unknown}

Dungeon Overview and Level Annotations

Branches:
Dungeon (2/15)

Altars:

Annotations:
D:2 Natasha


Message History

Natasha, Servant of Life and Death comes into view.
You shoot a sling bullet. The sling bullet hits the hobgoblin.
You kill the hobgoblin!
The gnoll hits you from afar with a +0 spear!
The gnoll hits you with a +0 whip.
You shoot a sling bullet. The sling bullet hits the gnoll.
The gnoll is heavily wounded.
The gnoll closely misses you.
Natasha stares at you and mumbles some strange words.
You resist with some effort.
You shoot a sling bullet.
The sling bullet hits the gnoll but does no damage.
You hear a shout!
The gnoll hits you from afar with a +0 spear.
The rat closely misses you. You furiously retaliate!
You headbutt the rat.
You kill the rat!
The gnoll closely misses you.
You hear a shout! x2
You shoot a sling bullet.
The sling bullet barely misses the gnoll.
You hear a shout!
The gnoll misses you. x2
You shoot a sling bullet. The sling bullet hits the gnoll.
The gnoll is almost dead.
The gnoll hits you with a +0 whip! The gnoll closely misses you.
The gnoll hits you with a +0 club. Natasha casts a spell at you.
You resist with some effort.
You shoot a sling bullet. The sling bullet hits the gnoll.
The gnoll is almost dead.
The gnoll barely misses you.
The gnoll hits you from afar with a +0 spear.
The gnoll misses you.
A goblin comes into view. It is wielding a +0 club.
Natasha growls.
You shoot a sling bullet.
The sling bullet hits the gnoll but does no damage.
The gnoll is almost dead.
The gnoll hits you with a +0 whip.
You die...

#...<####..## #
####..>.....#####
######...#....
#...#.### ###....# # #
#####.....##
#.######.....##..#
##...#....######..# ##
#...g@h#....####..###.
####g##g)##..........%
#g #.############.#
#g..).7 #.. #.....57..
##. #g####g.._.7 #. .'
#.. ...# ## ..7....# #
...% ..#


You could see Natasha, 4 gnolls and a goblin.

Vanquished Creatures
  Natasha (D:2)
  An adder (D:2)
  2 dart slugs (D:1)
  4 endoplasms (D:1)
  3 giant cockroaches
  9 goblins
  5 hobgoblins
  6 jackals (D:1)
  2 quokkas
  2 ball pythons (D:1)
  A bat (D:1)
  A frilled lizard (D:1)
  4 kobolds
  A rat (D:2)
42 creatures vanquished.

Notes
Turn   | Place    | Note
-------+----------+-------------------------------------------
     0 | D:1      | qw the Minotaur Hexslinger began the quest for the Orb.
     0 | D:1      | Reached XP level 1. HP: 16/16 MP: 1/1
     0 | D:1      | 0 ||| qw: Version: 0.3-a-46-gb1f654a
     0 | D:1      | 0 ||| qw: Game counter: 1205
     0 | D:1      | 0 ||| qw: Melee chars always use a shield: true
     0 | D:1      | 0 ||| qw: God list: Okawaru
     0 | D:1      | 0 ||| qw: Allow faded altars: false
     0 | D:1      | 0 ||| qw: Do Orc after clearing Dungeon:15 true
     0 | D:1      | 0 ||| qw: Do second Lair branch before Depths: true
     0 | D:1      | 0 ||| qw: Lair rune preference: random
     0 | D:1      | 0 ||| qw: Goals: Normal
     0 | D:1      | 0 ||| PLANNING D:1-11
   264 | D:1      | Reached skill level 3 in Ranged Weapons
   264 | D:1      | Reached XP level 2. HP: 18/23 MP: 2/2
   447 | D:1      | 447 ||| FLEEEEING.
   448 | D:1      | 448 ||| FLEEEEING.
   489 | D:1      | Reached XP level 3. HP: 29/29 MP: 3/3
   794 | D:1      | 794 ||| UPGRADING to +0 cloak.
   799 | D:1      | 799 ||| UPGRADING to +5 ring of evasion.
   800 | D:1      | 800 ||| DROPPING scroll of poison.
   927 | D:2      | Reached skill level 4 in Ranged Weapons
  1105 | D:2      | Found a faded altar of an unknown god.
  1110 | D:2      | Noticed Natasha
  1114 | D:2      | 1114 ||| Stepping ~*~*~tactically~*~*~ (outnumbered).
  1116 | D:2      | 1116 ||| Stepping ~*~*~tactically~*~*~ (outnumbered).
  1117 | D:2      | 1117 ||| Stepping ~*~*~tactically~*~*~ (outnumbered).
  1120 | D:2      | Killed Natasha
  1121 | D:2      | Reached XP level 4. HP: 28/36 MP: 4/4
  1123 | D:2      | Noticed Natasha
  1128 | D:2      | HP: 7/36 [gnoll/+0 whip (7)]
  1129 | D:2      | HP: 3/36 [gnoll/+0 spear (2)]
  1130 | D:2      | Slain by a gnoll

Levels and vault maps discovered:
D:1:      scummos_arrival_checkerplants, layout_basic, kennysheep_small_spiral,
          item_on_display_a
D:2:      minmay_skewed_foursquare, layout_rooms,
          ebering_ecumenical_altar_petrified, grunt_ministairs_13,
          dreamdust_princess_bridge, nrook_campfire, uniq_natasha, uniq_robin

Skill      XL: |  1  2  3 |
---------------+----------+-----
Ranged Weapons | 3 4 |  4.8
Fighting       | 2 |  2.0
Dodging        | |  2.1
Spellcasting   | |  1.0
Hexes          | |  2.0

Action                     |  1- 3 |  4- 6 || total
---------------------------+-------+-------++-------
   Fire: Sling             |   121 |    10 ||   131
 Armour: Robe              |    16 |     2 ||    18
  Dodge: Dodged            |    55 |    14 ||    69

Table legend:
 A = Non-vault XP
 B = Vault XP
 C = Vault XP percentage of total XP
 D = Non-vault monster count
 E = Vault monster count
 F = Vault count percentage of total count
                 A         B        C        D         E       F
            +---------+---------+-------+---------+---------+-------
      Total |      75 |      49 |  39.5 |      34 |       8 |  19.0
            +---------+---------+-------+---------+---------+-------
        D:1 |      51 |       0 |   0.0 |      27 |       0 |   0.0
        D:2 |      24 |      49 |  67.1 |       7 |       8 |  53.3
            +---------+---------+-------+---------+---------+-------
